 Dungeon Crawl Stone Soup version 0.29.1-13-g9f3cf754e1 (webtiles) character file.

Game seed: 9818307616094429599

67 bnorton916 the Magician (level 4, -14/24 HPs)
             Began as a Deep Elf Fire Elementalist on Feb 8, 2023.
             Demolished by an ogre
             ... wielding a +0 giant spiked club
              (38 damage)
             ... on level 3 of the Dungeon.
             The game lasted 00:02:50 (2526 turns).

bnorton916 the Magician (DEFE)                      Turns: 2526, Time: 00:02:51

Health: -14/24     AC:  4    Str:  5    XL:     4   Next: 0%
Magic:  12/12      EV: 12    Int: 22    God:
Gold:   136        SH:  0    Dex: 15    Spells: 5/11 levels left

rFire   . . .      SeeInvis .   n - +1 whip (venom)
rCold   . . .      Faith    .   (no shield)
rNeg    . . .      Spirit   .   a - +0 robe
rPois   .          Reflect  .   m - +1 helmet
rElec   .          Harm     .   (no cloak)
rCorr   .          Rampage  .   (no gloves)
Will    .....                   (no boots)
Stlth   ++........              (no amulet)
HPRegen 0.08/turn               (no ring)
MPRegen 0.13/turn               (no ring)

@: no status effects
A: no striking features
a: no special abilities


You were on level 3 of the Dungeon.
You visited 1 branch of the dungeon, and saw 3 of its levels.

You collected 136 gold pieces.

Inventory:

Hand Weapons
 n - a +1 whip of venom (weapon)
Armour
 a - a +0 robe (worn)
 m - a +1 helmet (worn)
Scrolls
 c - 2 scrolls of fog {unknown}
 h - 2 scrolls of teleportation {unknown}
 k - a scroll of immolation {unknown}
 l - a scroll of enchant weapon {unknown}
Potions
 d - a potion of might {unknown}
 e - a potion of berserk rage {unknown}
 f - a potion of brilliance {unknown}
 g - a potion of curing
 i - a potion of degeneration {unknown}
 j - a potion of ambrosia {unknown}


   Skills:
 - Level 2.4 Dodging
 - Level 2.4 Stealth
 + Level 4.1 Spellcasting
 + Level 2.5 Conjurations
 + Level 4.1 Fire Magic


You had 5 spell levels left.
You knew the following spells:

 Your Spells              Type           Power      Damage    Failure   Level
a - Foxfire               Conj/Fire      76%        2x1d7     2%          1
b - Scorch                Fire           44%        2d7       3%          2
c - Conjure Flame         Conj/Fire      19%        6-21      9%          3

Your spell library contained the following spells:

 Spells                   Type           Power      Damage    Failure   Level
 Inner Flame              Hex/Fire       13%        N/A       14%         3
 Flame Wave               Conj/Fire      19%        2d7       28%         4
 Confusing Touch          Hex            4%         N/A       32%         3
 Gell's Gravitas          Tloc           4%         N/A       32%         3
 Teleport Other           Tloc           4%         N/A       32%         3
 Yara's Violent Unravell  Hex/Tmut       2%         3d3       97%         5
 Dispersal                Tloc           2%         N/A       100%        6
 Enfeeble                 Hex            2%         N/A       100%        7


Dungeon Overview and Level Annotations

Branches:
Dungeon (3/15)

Altars:

Annotations:
D:3 2 transporters


Message History

Flames lash the ogre.
The ogre is moderately wounded.
The ogre's fire resistance burns away.
You hear a shout!
Casting: Scorch (safe; 3% risk of failure)
Confirm with . or Enter, or press ? or * to list all spells.
You conjure some foxfire!
The ogre is no longer more vulnerable to fire.
The foxfire hits the ogre.
The ogre is heavily wounded.
The foxfire hits the ogre.
The ogre is severely wounded.
Casting: Foxfire (safe; 3% risk of failure)
Confirm with . or Enter, or press ? or * to list all spells.
You conjure some foxfire!
The foxfire hits the ogre.
The ogre is severely wounded.
Casting: Foxfire (safe; 3% risk of failure)
Confirm with . or Enter, or press ? or * to list all spells.
You conjure some foxfire!
The ball python closely misses you. The ball python grabs you.
The ball python constricts you.
The ball python bites you but does no damage.
The ball python constricts you.
The foxfire hits the ball python.
You kill the ball python!
The foxfire hits the ogre.
The ogre is almost dead.
Casting: Foxfire (safe; 3% risk of failure)
Confirm with . or Enter, or press ? or * to list all spells.
Flames lash the orc.
You kill the orc!
You have reached level 4!
You feel clever.
Casting: Scorch (safe; 3% risk of failure)
Confirm with . or Enter, or press ? or * to list all spells.
You don't have enough magic to cast this spell.
Magic courses through your body.
The ogre hits you with a +0 giant spiked club!!!
Ouch! That really hurt!
You die...

...# ...# ...# ...#
### ...# ..# ...# #.#
...# #§# ...# #§#
...#############@#####
...'.............O..>#
...#############.#.#.#
#### #+#... # ....? #
....... # o.!....
)...... .......


You could see an ogre.

Vanquished Creatures
  Robin (D:2)
  2 dart slugs (D:2)
  4 orcs
  An endoplasm (D:1)
  A giant cockroach (D:1)
  4 hobgoblins
  3 jackals (D:1)
  5 kobolds
  8 ball pythons
  3 frilled lizards (D:2)
  11 goblins
  4 rats
47 creatures vanquished.

Vanquished Creatures (others)
  168 foxfires
168 creatures vanquished.

Grand Total: 215 creatures vanquished

Notes
Turn   | Place    | Note
-------+----------+-------------------------------------------
     0 | D:1      | bnorton916 the Deep Elf Fire Elementalist began the quest
                  | for the Orb.
     0 | D:1      | Reached XP level 1. HP: 10/10 MP: 6/6
   406 | D:1      | Found a faded altar of an unknown god.
   560 | D:1      | Reached XP level 2. HP: 10/15 MP: 2/8
  1588 | D:2      | Reached XP level 3. HP: 19/19 MP: 5/10
  1629 | D:2      | Noticed Robin
  1771 | D:2      | Killed Robin
  1902 | D:2      | Found the +6 shillelagh "Devastator" {shatter}
  2109 | D:3      | Learned a level 2 spell: Scorch
  2113 | D:3      | Learned a level 3 spell: Conjure Flame
  2426 | D:3      | Found a transporter.
  2443 | D:3      | Found a transporter.
  2496 | D:3      | Noticed an ogre
  2526 | D:3      | Reached XP level 4. HP: 24/24 MP: 0/12
  2526 | D:3      | Demolished by an ogre

Illustrated notes

Levels and vault maps discovered:
D:1:      sevenhm_arrival_forest_fort_large_4, layout_basic,
          shapermc_ecumenical_altar_pompeii, minivault_19, minivault_25,
          minmay_misc_feat_nine_boxes
D:2:      layout_basic, kennysheep_generic_room_4, uniq_robin
D:3:      gammafunk_steamed_eel, layout_basic, mainiacjoe_overflow_chevrons,
          overflow_temple_1_default

Skill      XL: |  1  2  3 |
---------------+----------+-----
Conjurations   | 2 |  2.5
Spellcasting   | 4 |  4.1
Fire Magic     | 4 |  4.1
Dodging        | |  2.4
Stealth        | |  2.4

Action                   |  1- 3 |  4- 6 || total
-------------------------+-------+-------++-------
Melee: Whip              |     3 |       ||     3
 Cast: Foxfire           |    97 |       ||    97
       Scorch            |     2 |       ||     2
       Conjure Flame     |     1 |       ||     1
  Use: Potion            |     1 |     1 ||     2
Armor: Robe              |     8 |       ||     8
Dodge: Dodged            |    20 |       ||    20
